 Dungeon Crawl Stone Soup version 0.19-a0-683-g5f2401d (webtiles) character file.

228 HAL9000 the Chopper (level 6, -1/56 HPs)
             Began as a Hill Orc Berserker on June 17, 2016.
             Was a Believer of Trog.
             Slain by an ogre
             ... wielding a +0 giant club
              (10 damage)
             ... on level 4 of the Dungeon.
             The game lasted 00:07:08 (2403 turns).

HAL9000 the Chopper (Hill Orc Berserker)            Turns: 2403, Time: 00:07:09

Health: -1/56      AC:  8    Str: 22    XL:     6   Next: 2%
Magic:  6/6        EV:  9    Int:  7    God:    Trog [**....]
Gold:   115        SH:  5    Dex: 10    Spells: 0 memorised, 5 levels left

rFire  . . .     SeeInvis .     a - +1 hand axe
rCold  . . .     Gourm    .     e - +2 scale mail {rPois}
rNeg   . . .     Faith    .     l - +2 buckler
rPois  +         Spirit   .     (no helmet)
rElec  .         Dismiss  .     (no cloak)
rCorr  .         Reflect  .     (no gloves)
SustAt .         Harm     .     (no boots)
MR     .....                    (no amulet)
Stlth  ..........               (no ring)
                                (no ring)

@: not resistant to hostile enchantments, extremely unstealthy
A: no striking features
a: Berserk, Trog's Hand, Burn Spellbooks, Renounce Religion


You were on level 4 of the Dungeon.
You worshipped Trog.
Trog was pleased with you.
You were not hungry.

You visited 1 branch of the dungeon, and saw 4 of its levels.

You collected 115 gold pieces.

Inventory:

Hand Weapons
 a - a +1 hand axe (weapon)
Armour
 e - a +2 scale mail of poison resistance (worn)
 l - a +2 buckler (worn)
Jewellery
 z - a cursed amulet of inaccuracy {unknown}
Scrolls
 g - a scroll of blinking
 x - a scroll of remove curse
 y - 2 scrolls of identify
 B - a scroll of magic mapping {unknown}
Potions
 m - 2 potions of haste
 o - 2 potions of curing {unknown}
 u - a potion of berserk rage {unknown}
 A - a potion of ambrosia {unknown}
 D - a potion of might {unknown}
Comestibles
 c - 4 bread rations
 h - 4 meat rations
 q - 2 beef jerkies
 r - a royal jelly
 E - 2 chunks of flesh


   Skills:
 + Level 5.2 Fighting
 * Level 6.9 Axes
 - Level 3.1 Armour
 - Level 1.5 Dodging


You had 5 spell levels left.
You didn't know any spells.

Dungeon Overview and Level Annotations

Branches:
Dungeon (4/15)
 Temple: D:4-7

Altars:
Cheibriados
Dithmenos
Gozag
Kikubaaqudgha
Pakellas
Qazlal
Ru
Trog
The Shining One

Annotations:
D:4 Pikel


Message History

The ogre is moderately wounded.
Your shield and scale mail prevent you from hitting the ogre.
The ogre is moderately wounded.
The ogre closely misses you.
You hit the ogre.
The ogre is heavily wounded.
The ogre hits you but does no damage.
You hit the ogre.
The ogre is severely wounded.
The ogre hits you with a giant club!
You barely miss the ogre.
The ogre is severely wounded.
You hit the ogre.
The ogre is severely wounded.
The ogre hits you with a giant club!!
* * * LOW HITPOINT WARNING * * *
You hit the ogre.
The ogre is almost dead.
The ogre hits you with a giant club!
You die...

# ##.§ ###.#§
.§§._ . #§#.#
# ...
#§§§####.#
.....#§#§...[#
.......@.....#
.......O....(#
.......(.##.##
.....#.(.# #
.....#(.##
.... ...# ...
....#
......#.#


You could see an ogre.

Vanquished Creatures
  2 slaves (D:3)
  A crimson imp (D:3)
  A hound (D:3)
  An iguana (D:4)
  A worker ant zombie (D:3)
  7 adders
  An adder zombie (D:3)
  4 dart slugs
  A giant gecko (D:2)
  4 goblins (D:1)
  5 hobgoblins
  7 jackals (D:1)
  14 bats
  2 giant newts
  2 kobolds (D:1)
  2 quokka skeletons (D:3)
  6 rats
61 creatures vanquished.

Notes
Turn   | Place    | Note
--------------------------------------------------------------
     0 | D:1      | HAL9000 the Hill Orc Berserker began the quest for the Orb.
     0 | D:1      | Reached XP level 1. HP: 19/19 MP: 1/1
    58 | D:1      | Reached XP level 2. HP: 23/27 MP: 2/2
   504 | D:1      | Reached XP level 3. HP: 33/33 MP: 3/3
   529 | D:1      | Reached ** piety under Trog
   657 | D:1      | You fall through a shaft!
   755 | D:2      | Found an ancient bone altar of Kikubaaqudgha.
   770 | D:2      | Found a glowing golden altar of the Shining One.
   781 | D:2      | Found a sacrificial altar of Ru.
   852 | D:2      | Reached skill level 5 in Axes
   869 | D:2      | Found an opulent altar of Gozag.
   873 | D:2      | Reached XP level 4. HP: 33/40 MP: 4/4
   982 | D:2      | Found a bloodstained altar of Trog.
   995 | D:2      | Found an oddly glowing altar of Pakellas.
  1278 | D:2      | Found a snail-covered altar of Cheibriados.
  1449 | D:3      | Reached skill level 6 in Axes
  1449 | D:3      | Reached XP level 5. HP: 45/47 MP: 5/5
  1603 | D:3      | Found a stormy altar of Qazlal.
  1871 | D:3      | Reached skill level 5 in Fighting
  2117 | D:4      | Noticed Pikel
  2117 | D:4      | Noticed a slave
  2117 | D:4      | Noticed a slave
  2117 | D:4      | Noticed a slave
  2117 | D:4      | Noticed a slave
  2117 | D:4      | Noticed an ogre
  2133 | D:3      | Killed a slave
  2137 | D:3      | Killed a slave
  2324 | D:4      | Found a shadowy altar of Dithmenos.
  2359 | D:4      | Reached XP level 6. HP: 38/56 MP: 6/6
  2403 | D:4      | Slain by an ogre

Vault maps used:
D:1:      grunt_arrival_crossed_arrows, fountainhead, st_stairs_4
D:2:      minitemple, lemuel_round_altar, kennysheep_slug_shrine,
          lemuel_crystal_altar, nicolae_gozag_seed_capital
D:3:      serial_undead, serial_undead_c, serial_undead_d, serial_undead_b,
          serial_undead_b, first_bread, grunt_qazlal_sundering
D:4:      grunt_dithmenos_smoke_and_mirrors, st_stairs_13,
          johnstein_pakellas_shop, uniq_pikel

Skill      XL: |  1  2  3  4  5 |
---------------+----------------+-----
Fighting       | 4 5 |  5.2
Axes           | 5 6 |  6.9
Armour         | 3 |  3.1
Dodging        | |  1.5

Action                   |  1- 3 |  4- 6 || total
-------------------------+-------+-------++-------
Melee: Hand axe          |   160 |   149 ||   309
Throw: Tomahawk          |       |     4 ||     4
Invok: Berserk           |       |     1 ||     1
  Use: Scroll            |       |    11 ||    11
  Eat: Chunk             |       |     5 ||     5
       Beef jerky        |       |     1 ||     1
Armor: Animal skin       |    12 |       ||    12
       Scale mail        |    85 |    55 ||   140
Dodge: Dodged            |   128 |    49 ||   177
Block: Buckler           |    17 |    33 ||    50
